 Dungeon Crawl Stone Soup version 0.31-a0-949-g57150269e1 (webtiles) character file.

Game seed: 14029100684758368283

513 greenreed the Trooper (level 7, -3/63 HPs)
             Began as a Minotaur Fighter on Oct 21, 2023.
             Was an Initiate of Hepliaklqana.
             Slain by an ogre
             ... wielding a +0 giant spiked club
              (13 damage)
             ... on level 6 of the Dungeon.
             The game lasted 00:05:03 (3041 turns).

greenreed the Trooper (Minotaur Fighter)            Turns: 3041, Time: 00:05:03

Health: -3/63      AC: 11    Str: 22    XL:     7   Next: 0%
Magic:  6/6        EV:  8    Int:  5    God:    Hepliaklqana [......]
Gold:   97         SH:  5    Dex: 10    Spells: 6/6 levels left

rFire   . . .        a - +0 flail
rCold   . . .        c - +0 buckler
rNeg    . . .        y - +0 chain mail
rPois   .            (helmet restricted)
rElec   .            q - +0 cloak
rCorr   .            (no gloves)
SInv    .            (no boots)
Will    .....        (no amulet) Stlth
                     w - ring of flight
HPRegen 0.30/turn    (no ring)
MPRegen 0.10/turn

%: no passive effects
@: flying
A: horns 2, retaliatory headbutt
a: Renounce Religion


You were on level 6 of the Dungeon.
You worshipped Hepliaklqana.
Hepliaklqana was noncommittal.
You visited 1 branch of the dungeon, and saw 5 of its levels.

You collected 272 gold pieces.
You spent 175 gold pieces at shops.

Inventory:

Hand Weapons
 a - a +0 flail (weapon)
 g - a +0 sling
Armour
 c - a +0 buckler (worn)
 q - a +0 cloak (worn)
 y - a +0 chain mail (worn)
Jewellery
 w - a ring of flight (left hand)
Wands
 o - a wand of flame (10)
 x - a wand of mindburst (3)
Scrolls
 f - a scroll of identify {unknown}
 h - 3 scrolls of teleportation {unknown}
 j - a scroll of torment {unknown}
 m - 2 scrolls of enchant armour {unknown}
 n - a scroll of blinking {unknown}
 r - a scroll of fog {unknown}
 s - a scroll of enchant weapon {unknown}
 v - a scroll of acquirement {unknown}
Potions
 d - a potion of might
 e - 3 potions of heal wounds {unknown}
 i - 4 potions of curing {unknown}
 k - a potion of lignification {unknown}
 l - 2 potions of attraction {unknown}
 p - 2 potions of berserk rage {unknown}
 t - a potion of enlightenment {unknown}
 u - a potion of mutation {unknown}


   Skills:
 * Level 6.3 Fighting
 * Level 5.4 Maces & Flails
 + Level 5.1 Armour
 + Level 5.1 Shields


You had 6 spell levels left.
You didn't know any spells.
Your spell library contained the following spells:

 Spells                   Type           Power      Damage    Failure   Level
 Olgreb's Toxic Radiance  Pois           0%         N/A       100%        4
 Discord                  Hex            0%         N/A       100%        8
 Ignition                 Fire           0%         3d3       100%        8


Dungeon Overview and Level Annotations

Branches:
Dungeon (6/15)
 Temple: D:4-7

Altars:
Dithmenos
Hepliaklqana
Nemelex Xobeh
Ru
The Shining One

Shops:
D:4 ==

Annotations:
D:3 1 runed translucent door, Tollund's ghost, amateur MeFi
D:6 1 runed translucent door, justen's ghost, novice MfSh


Innate Abilities, Weirdness & Mutations

You have a pair of horns on your head.
You reflexively headbutt those who attack you in melee.


Message History

You kill the orc!
You have reached level 7!
Items here: ))))) [[[ †††.
You now have 74 gold pieces (gained 5).
Found a stone staircase leading up.
Found a stone staircase leading up.
Search for what [? for help]? chain You see here a +2 vampiric falchion.
Items here: ))))) [[[ †††.
y - a +0 chain mail You start removing your armour.
You continue taking off your +0 scale mail. x4
You finish taking off your +0 scale mail.
You start putting on your armour.
You continue putting on your +0 chain mail. x5
You finish putting on your +0 chain mail.
You drop a +0 scale mail.
Items here: ))))) [[[ †††.
You see here a +2 vampiric falchion.
There is a stone staircase leading up here.
You now have 85 gold pieces (gained 11).
You now have 97 gold pieces (gained 12).
An ogre comes into view. It is wielding a +0 giant spiked club.
The ogre shouts!
You barely miss the ogre.
The ogre hits you with a +0 giant spiked club!
You hit the ogre but do no damage.
The ogre hits you with a +0 giant spiked club!!
You are too injured to fight recklessly!
You are too injured to fight recklessly!
You sock the ogre! Your headbutt misses the ogre.
The ogre is moderately wounded.
The ogre hits you with a +0 giant spiked club!
* * * LOW HITPOINT WARNING * * *
You hit the ogre but do no damage.
The ogre is moderately wounded.
You hit the ogre.
The ogre is moderately wounded.
The ogre hits you with a +0 giant spiked club!
You die...

###.#.#..###.#
#. .........#
#.# #.
<##.###.## #.#
#. #.#
#.####.### #<
#.# #.##.....#
#. #.#
#.##.###.####.
#.# #....#
#...... #O#
####.###.#####
#@# #.....#
#.########.###
#..........#
############


You could see an ogre.

Vanquished Creatures
  A water moccasin (D:6)
  A kobold brigand (D:6)
  2 scorpions
  A jelly (D:4)
  Jessica (D:2)
  An orc wizard (D:6)
  3 adders
  2 white imps (D:6)
  2 worms
  13 orcs
  2 bats
  7 endoplasms
  4 giant cockroaches
  6 goblins
  5 hobgoblins
  14 kobolds
  5 quokkas
  7 ball pythons
  4 frilled lizards
  3 rats
84 creatures vanquished.

Notes
Turn   | Place    | Note
-------+----------+-------------------------------------------
     0 | D:1      | greenreed the Minotaur Fighter began the quest for the Orb.
     0 | D:1      | Reached XP level 1. HP: 19/19 MP: 0/0
   379 | D:1      | Reached XP level 2. HP: 27/27 MP: 1/1
   923 | D:2      | Reached skill level 4 in Fighting
   924 | D:2      | Reached XP level 3. HP: 33/33 MP: 2/2
  1089 | D:2      | Noticed Jessica
  1115 | D:2      | Killed Jessica
  1116 | D:2      | Reached XP level 4. HP: 41/41 MP: 3/3
  1525 | D:3      | Found a sacrificial altar of Ru.
  1681 | D:3      | Found a shadowy altar of Dithmenos.
  1749 | D:3      | Found a glowing golden altar of the Shining One.
  1800 | D:3      | Found a runed translucent door.
  1802 | D:3      | Noticed Tollund's ghost (amateur MeFi)
  1987 | D:4      | Found Xoroih's Jewellery Shop.
  2104 | D:4      | Reached skill level 5 in Fighting
  2104 | D:4      | Reached XP level 5. HP: 33/48 MP: 4/4
  2172 | D:4      | Found Reotuety's Jewellery Boutique.
  2183 | D:4      | Bought a ring of flight for 175 gold pieces
  2301 | D:4      | You are sucked into a shaft and drop 2 floors!
  2327 | D:6      | Reached XP level 6. HP: 51/56 MP: 5/5
  2411 | D:6      | Noticed a water moccasin
  2477 | D:6      | Killed a water moccasin
  2478 | D:6      | Reached skill level 5 in Maces & Flails
  2478 | D:6      | Reached skill level 5 in Shields
  2482 | D:6      | Found a runed translucent door.
  2485 | D:6      | Noticed justen's ghost (novice MfSh)
  2508 | D:6      | Found a sparkling altar of Nemelex Xobeh.
  2521 | D:6      | Reached skill level 5 in Armour
  2532 | D:6      | Reached skill level 6 in Fighting
  2611 | D:6      | Found a hazy altar of Hepliaklqana.
  2727 | D:6      | Became a worshipper of Hepliaklqana the Forgotten
  2787 | D:6      | Reached XP level 7. HP: 44/63 MP: 6/6
  3041 | D:6      | Slain by an ogre

Illustrated notes

Levels and vault maps discovered:
D:1:      dpeg_arrival_arbitrary_a, layout_basic
D:2:      layout_rooms, uniq_jessica
D:3:      layout_rooms, nicolae_dithmenos_through_a_glass_darkly,
          mainiacjoe_overflow_24_doors, mainiacjoe_overflow_small_starburst,
          ebering_ghost_inner_flame
D:4:      cheibrodos_pilgrimage, layout_basic, minmay_temple_entry_oklob,
          serial_shops, nicolae_shop_statue_plus, shop
D:6:      layout_loops_ring, mainiacjoe_overflow_large_starburst,
          ebering_ghost_sewer_d

Skill      XL: |  1  2  3  4  5  6 |
---------------+-------------------+-----
Fighting       | 4 5 6 |  6.3
Maces & Flails | 3 4 5 |  5.4
Armour         | 4 5 |  5.1
Shields        | 4 5 |  5.1

Action                     |  1- 3 |  4- 6 |  7- 9 || total
---------------------------+-------+-------+-------++-------
  Melee: Flail             |    56 |   139 |     5 ||   200
         Headbutt          |    11 |    27 |       ||    38
  Evoke: Wand              |       |     2 |       ||     2
 Armour: Scale mail        |    39 |   100 |       ||   139
         Chain mail        |       |       |     4 ||     4
  Dodge: Dodged            |    25 |    52 |       ||    77
  Block: Buckler           |    10 |    42 |       ||    52

Table legend: (Time is in decaauts)
 A = Elapsed time spent in this place.
 B = Non-inter-level travel time spent in this place.
 C = Inter-level travel time spent in this place.
 D = Time resting spent in this place.
 E = Time spent auto-exploring this place.
 F = Levels seen in this place.
 G = Mean time per level.
                   A        B        C        D        E       F      G
               +--------+--------+--------+--------+--------+-----+--------+
         Total |   3086 |   2966 |    120 |    188 |   2258 |   5 |  617.2 |
       Dungeon |   3086 |   2966 |    120 |    188 |   2258 |   5 |  617.2 |
               +--------+--------+--------+--------+--------+-----+--------+

Top non-repeatable levels by time:
     D:1: 924 daAuts
     D:6: 753 daAuts
     D:3: 610 daAuts
     D:2: 452 daAuts
     D:4: 344 daAuts
